BlackHawks vs Bruins

Created - February 28 2011 at 18:40

Goals
1 2 3 T
BlackHawks 2 2 0 4
Bruins 0 0 0 0
Shots
1 2 3 T
BlackHawks 8 10 9 27
Bruins 4 9 8 21

Period #1

1. BlackHawks , Wayne Primeau 8 (Adam Foote, Josh Bailey) at 4:35
2. BlackHawks , Chris Neil 12 (Wayne Primeau, Paul Kariya) at 13:27 (PP)

Penalties :
Barret Jackman (BOS) for Tripping (Minor) at 1:08, Gregory Campbell (BOS) for Roughing (Minor) at 5:01, Zdeno Chara (BOS) for Hooking (Minor) at 7:16, James Vandermeer (BOS) for Slashing (Minor) at 12:28, Samuel Pahlsson (CHI) for Tripping (Minor) at 14:58, Dustin Brown (BOS) for Holding (Minor) at 16:38, Josh Bailey (CHI) for Charging (Minor) at 18:45

Period #2

3. BlackHawks , Ales Hemsky 21 (Patrik Berglund) at 13:33
4. BlackHawks , Mattias Ohlund 6 (Ales Hemsky, Cory Stillman) at 17:24 (PP)

Penalties :
Milan Lucic (BOS) for Roughing (Minor) at 6:10, Mathieu Darche (CHI) for Tripping (Minor) at 10:40, David Krejci (BOS) for Fighting (Major) at 10:45, Cory Stillman (CHI) for Fighting (Major) at 10:45, David Krejci (BOS) for instigated a fight (Game Misconduct) at 10:45, James Vandermeer (BOS) for High sticking (Minor) at 15:51, Hal Gill (CHI) for Hooking (Minor) at 18:27

Period #3

No Goal

Penalties :
Tyler Kennedy (CHI) for Holding (Minor) at 1:14, Mathieu Darche (CHI) for High sticking (Minor) at 4:47, Martin Hanzal (BOS) for Hooking (Minor) at 7:20, Adam Foote (CHI) for Slashing (Minor) at 10:33, Milan Lucic (BOS) for Unsportsmanlike conduct (Major / Game Misconduct) at 13:28

Goalie Stats

Cristobal Huet (CHI), 21 saves from 21 shots - (1.000), W, 26-23-6, 60:00 minutes
Tuukka Rask (BOS), 9 saves from 9 shots - (1.000), 22:36 minutes
Cam Ward (BOS), 14 saves from 18 shots - (0.778), L, 32-15-4, 37:24 minutes

Players Stats

BlackHawks
Player Name              G  A  P  +/- PIM S  H  SB FO    MP 
------------------------------------------------------------
Adam Foote               0  1  1   2  2   2  0  2  0/0   22 
Ales Hemsky              1  1  2   1  0   3  0  1  5/13  20 
Artem Anisimov           0  0  0   0  0   0  0  1  10/21 12 
Chris Neil               1  0  1   0  0   1  2  0  1/1   18 
Cory Stillman            0  1  1   0  7   1  1  0  1/2   19 
David Booth              0  0  0   0  0   0  0  0  1/3   19 
Hal Gill                 0  0  0   0  2   0  5  1  0/0   22 
Josh Bailey              0  1  1   1  2   0  0  0  0/0   10 
Kris Russell             0  0  0   0  0   0  0  1  0/0   10 
Mathieu Darche           0  0  0   1  4   1  0  0  0/0   8  
Mattias Ohlund           1  0  1   2  0   4  0  1  0/0   23 
Patrik Berglund          0  1  1   1  0   1  0  0  1/4   4  
Paul Kariya              0  1  1   1  0   2  1  0  5/11  21 
Ron Hainsey              0  0  0   0  0   5  0  1  0/0   23 
Samuel Pahlsson          0  0  0   0  2   2  3  0  10/18 19 
Tobias Enstrom           0  0  0   0  0   0  0  0  0/0   16 
Tyler Kennedy            0  0  0   0  2   0  0  0  0/0   7  
Wayne Primeau            1  1  2   1  0   5  0  0  7/13  15 
Bruins
Player Name              G  A  P  +/- PIM S  H  SB FO    MP 
------------------------------------------------------------
Barret Jackman           0  0  0  -1  2   0  3  3  0/0   17 
Brad Marchand            0  0  0  -1  0   1  0  0  2/3   11 
David Krejci             0  0  0  -1  15  1  0  0  7/14  10 
Dennis Seidenberg        0  0  0  -1  0   2  0  0  0/0   23 
Dustin Brown             0  0  0  -1  2   1  3  0  1/9   18 
Gregory Campbell         0  0  0  -1  2   0  1  0  0/0   18 
Henrik Zetterberg        0  0  0   0  0   5  0  0  2/6   21 
James Vandermeer         0  0  0  -1  4   0  1  0  0/0   14 
Jordan Leopold           0  0  0   0  0   1  0  0  0/0   21 
Mark Recchi              0  0  0   0  0   0  0  0  0/0   9  
Martin Hanzal            0  0  0  -1  2   3  0  0  11/16 11 
Milan Lucic              0  0  0   0  17  1  1  0  0/0   8  
Nathan Horton            0  0  0   0  0   2  0  0  2/6   14 
Niklas Kronwall          0  0  0  -1  0   2  2  2  0/0   21 
Patrice Bergeron         0  0  0   0  0   0  0  0  8/11  11 
Paul Stastny             0  0  0   0  0   1  0  1  12/21 17 
Rich Peverley            0  0  0  -1  0   1  0  0  0/0   10 
Zdeno Chara              0  0  0   0  2   0  2  2  0/0   23 

3 Stars

1 - Cristobal Huet (CHI)
2 - Ales Hemsky (CHI)
3 - Wayne Primeau (CHI)

Power Play

BlackHawks - 2 on 10 Attempt(s) - 20.00%
Bruins - 0 on 7 Attempt(s) - 0.00%

Penalty Kill

BlackHawks - 7 on 7 Attempt(s) - 100.00% - Score 0 goal in Penalty Kill
Bruins - 8 on 10 Attempt(s) - 80.00% - Score 0 goal in Penalty Kill

Game Notes

David Krejci beats up Cory Stillman at 10:45 of 2nd period
David Krejci ejected from game at 10:45 of 2nd period
Tuukka Rask enters game at 17:24 of 2nd period
Milan Lucic ejected from game at 13:28 of 3rd period

Finance

Level 1 -- Attendance: 6288 (96.74%) -- Ticket Income $471,600.00
Level 2 -- Attendance: 4865 (97.30%) -- Ticket Income $243,250.00
Level 3 -- Attendance: 3500 (100.00%) -- Ticket Income $105,000.00
Level 4 -- Attendance: 1565 (100.00%) -- Ticket Income $31,300.00
Luxury Box -- Attendance: 1000 (100.00%) -- Ticket Income $150,000.00
Game was played at the TD Garden
Total Attendance: 17218 (98.02%)
Total Ticket Income: $1,078,832.00
Other Income: $205,062.60
Total Income: $1,283,895.00


Play by Play

Period #1

0:01 of 1st period - Paul Stastny wins face-off versus Patrik Berglund in neutral zone.
0:24 of 1st period - Shot by Henrik Zetterberg.
0:24 of 1st period - Shot Misses the Net.
1:05 of 1st period - David Booth is hit by Barret Jackman.
1:08 of 1st period - Minor Penalty to Barret Jackman for Tripping.
1:09 of 1st period - Wayne Primeau wins face-off versus Paul Stastny in Bruins zone.
1:48 of 1st period - Icing by Ales Hemsky.
1:49 of 1st period - David Krejci wins face-off versus Ales Hemsky in BlackHawks zone.
2:40 of 1st period - Shot by Ron Hainsey.
2:40 of 1st period - Stopped by Cam Ward with a rebound.
2:42 of 1st period - Shot by Ron Hainsey.
2:42 of 1st period - Shot Misses the Net.
2:46 of 1st period - Shot by Wayne Primeau.
2:46 of 1st period - Stopped by Cam Ward without a rebound.
2:47 of 1st period - Samuel Pahlsson wins face-off versus Paul Stastny in Bruins zone.
2:47 of 1st period - Samuel Pahlsson is hit by Niklas Kronwall.
3:05 of 1st period - Shot by Mattias Ohlund.
3:05 of 1st period - Stopped by Cam Ward without a rebound.
3:06 of 1st period - Paul Stastny wins face-off versus Wayne Primeau in Bruins zone.
3:56 of 1st period - Tobias Enstrom is hit by Niklas Kronwall and loses puck.
4:07 of 1st period - Shot by Niklas Kronwall.
4:07 of 1st period - Shot Misses the Net.
4:09 of 1st period - Shot by Gregory Campbell.
4:09 of 1st period - Shot Misses the Net.
4:11 of 1st period - Shot by James Vandermeer.
4:11 of 1st period - Shot Blocked by Kris Russell.
4:13 of 1st period - Shot by Martin Hanzal.
4:13 of 1st period - Stopped by Cristobal Huet with a rebound.
4:17 of 1st period - Shot by Niklas Kronwall.
4:17 of 1st period - Stopped by Cristobal Huet without a rebound.
4:18 of 1st period - Wayne Primeau wins face-off versus Dustin Brown in BlackHawks zone.
4:35 of 1st period - Shot by Wayne Primeau.
4:35 of 1st period - Goal by Wayne Primeau - BlackHawks : 1 - Bruins : 0.
4:36 of 1st period - Paul Stastny wins face-off versus Artem Anisimov in neutral zone.
4:43 of 1st period - Off-side.
4:44 of 1st period - Martin Hanzal wins face-off versus Artem Anisimov in neutral zone.
5:01 of 1st period - Minor Penalty to Gregory Campbell for Roughing.
5:02 of 1st period - David Booth wins face-off versus David Krejci in Bruins zone.
6:31 of 1st period - Shot by Josh Bailey.
6:31 of 1st period - Shot Blocked by Barret Jackman.
6:33 of 1st period - Shot by Wayne Primeau.
6:33 of 1st period - Stopped by Cam Ward without a rebound.
6:34 of 1st period - David Krejci wins face-off versus Samuel Pahlsson in Bruins zone.
6:45 of 1st period - Shot by Ales Hemsky.
6:45 of 1st period - Shot Misses the Net.
7:06 of 1st period - Kris Russell is hit by Milan Lucic and loses puck.
7:10 of 1st period - Kris Russell is hit by Zdeno Chara and loses puck.
7:16 of 1st period - Minor Penalty to Zdeno Chara for Hooking.
7:17 of 1st period - Artem Anisimov wins face-off versus David Krejci in Bruins zone.
7:31 of 1st period - Icing by Ron Hainsey.
7:32 of 1st period - David Krejci wins face-off versus Artem Anisimov in BlackHawks zone.
7:32 of 1st period - Henrik Zetterberg is hit by Hal Gill and loses puck.
8:46 of 1st period - Shot by Mattias Ohlund.
8:46 of 1st period - Stopped by Cam Ward without a rebound.
8:47 of 1st period - Samuel Pahlsson wins face-off versus David Krejci in Bruins zone.
9:10 of 1st period - Shot by Cory Stillman.
9:10 of 1st period - Shot Blocked by Paul Stastny.
10:45 of 1st period - Icing by Artem Anisimov.
10:46 of 1st period - Artem Anisimov wins face-off versus David Krejci in BlackHawks zone.
11:11 of 1st period - Shot by Rich Peverley.
11:11 of 1st period - Shot Blocked by Ron Hainsey.
11:15 of 1st period - Shot by Barret Jackman.
11:15 of 1st period - Shot Blocked by Hal Gill.
11:21 of 1st period - Shot by David Krejci.
11:21 of 1st period - Shot Misses the Net.
11:23 of 1st period - Shot by Niklas Kronwall.
11:23 of 1st period - Stopped by Cristobal Huet with a rebound.
12:28 of 1st period - Minor Penalty to James Vandermeer for Slashing.
12:29 of 1st period - Paul Stastny wins face-off versus Ales Hemsky in Bruins zone.
13:11 of 1st period - Shot by Chris Neil.
13:11 of 1st period - Shot Misses the Net.
13:13 of 1st period - Shot by Ron Hainsey.
13:13 of 1st period - Stopped by Cam Ward with a rebound.
13:15 of 1st period - Shot by Hal Gill.
13:15 of 1st period - Shot Misses the Net.
13:17 of 1st period - Shot by Wayne Primeau.
13:17 of 1st period - Shot Misses the Net.
13:23 of 1st period - Shot by Chris Neil.
13:23 of 1st period - Deflect By Paul Kariya.
13:23 of 1st period - Shot Misses the Net.
13:25 of 1st period - Shot by Wayne Primeau.
13:25 of 1st period - Shot Misses the Net.
13:27 of 1st period - Shot by Chris Neil.
13:27 of 1st period - Goal by Chris Neil - BlackHawks : 2 - Bruins : 0.
13:28 of 1st period - Patrice Bergeron wins face-off versus Artem Anisimov in neutral zone.
13:52 of 1st period - Icing by Ron Hainsey.
13:53 of 1st period - Martin Hanzal wins face-off versus David Booth in BlackHawks zone.
13:56 of 1st period - Shot by Martin Hanzal.
13:56 of 1st period - Shot Misses the Net.
14:58 of 1st period - Minor Penalty to Samuel Pahlsson for Tripping.
14:59 of 1st period - Paul Stastny wins face-off versus Paul Kariya in BlackHawks zone.
15:59 of 1st period - Shot by Henrik Zetterberg.
15:59 of 1st period - Shot Misses the Net.
16:01 of 1st period - Shot by Henrik Zetterberg.
16:01 of 1st period - Stopped by Cristobal Huet without a rebound.
16:02 of 1st period - Artem Anisimov wins face-off versus Henrik Zetterberg in BlackHawks zone.
16:38 of 1st period - Minor Penalty to Dustin Brown for Holding.
16:39 of 1st period - Ales Hemsky wins face-off versus Paul Stastny in Bruins zone.
16:39 of 1st period - Ales Hemsky is hit by Barret Jackman.
18:45 of 1st period - Minor Penalty to Josh Bailey for Charging.
18:46 of 1st period - Paul Kariya wins face-off versus Dustin Brown in BlackHawks zone.

Period #2

0:01 of 2nd period - David Krejci wins face-off versus Ales Hemsky in neutral zone.
0:08 of 2nd period - Shot by Henrik Zetterberg.
0:08 of 2nd period - Shot Misses the Net.
0:12 of 2nd period - Shot by Zdeno Chara.
0:12 of 2nd period - Shot Misses the Net.
0:14 of 2nd period - Shot by Zdeno Chara.
0:14 of 2nd period - Shot Misses the Net.
0:16 of 2nd period - Shot by David Krejci.
0:16 of 2nd period - Stopped by Cristobal Huet without a rebound.
0:17 of 2nd period - Paul Kariya wins face-off versus Paul Stastny in BlackHawks zone.
1:27 of 2nd period - Icing by Adam Foote.
1:28 of 2nd period - Martin Hanzal wins face-off versus Wayne Primeau in BlackHawks zone.
1:31 of 2nd period - Shot by Brad Marchand.
1:31 of 2nd period - Stopped by Cristobal Huet without a rebound.
1:32 of 2nd period - David Krejci wins face-off versus Artem Anisimov in BlackHawks zone.
1:32 of 2nd period - David Krejci is hit by Hal Gill.
1:42 of 2nd period - Shot by Dustin Brown.
1:42 of 2nd period - Shot Misses the Net.
1:46 of 2nd period - Shot by Rich Peverley.
1:46 of 2nd period - Stopped by Cristobal Huet without a rebound.
1:47 of 2nd period - Samuel Pahlsson wins face-off versus Martin Hanzal in BlackHawks zone.
1:54 of 2nd period - Shot by Samuel Pahlsson.
1:54 of 2nd period - Stopped by Cam Ward with a rebound.
1:59 of 2nd period - Icing by Gregory Campbell.
2:00 of 2nd period - Martin Hanzal wins face-off versus Artem Anisimov in Bruins zone.
2:02 of 2nd period - Icing by Gregory Campbell.
2:03 of 2nd period - Martin Hanzal wins face-off versus Artem Anisimov in Bruins zone.
3:13 of 2nd period - Shot by Ales Hemsky.
3:13 of 2nd period - Shot Misses the Net.
3:23 of 2nd period - Shot by Cory Stillman.
3:23 of 2nd period - Shot Misses the Net.
3:27 of 2nd period - Shot by Cory Stillman.
3:27 of 2nd period - Shot Misses the Net.
4:00 of 2nd period - Icing by Niklas Kronwall.
4:01 of 2nd period - Wayne Primeau wins face-off versus David Krejci in Bruins zone.
4:02 of 2nd period - Shot by Josh Bailey.
4:02 of 2nd period - Deflect By Wayne Primeau.
4:02 of 2nd period - Stopped by Cam Ward without a rebound.
4:03 of 2nd period - Patrice Bergeron wins face-off versus Artem Anisimov in Bruins zone.
4:03 of 2nd period - Mark Recchi is hit by Chris Neil and loses puck.
4:07 of 2nd period - Icing by Zdeno Chara.
4:08 of 2nd period - Patrice Bergeron wins face-off versus Artem Anisimov in Bruins zone.
4:12 of 2nd period - Zdeno Chara is hit by Hal Gill and loses puck.
4:16 of 2nd period - Icing by Ron Hainsey.
4:17 of 2nd period - Artem Anisimov wins face-off versus David Krejci in BlackHawks zone.
4:19 of 2nd period - Icing by Ron Hainsey.
4:20 of 2nd period - Chris Neil wins face-off versus David Krejci in BlackHawks zone.
4:35 of 2nd period - Ron Hainsey is hit by Dustin Brown and loses puck.
4:58 of 2nd period - Barret Jackman is hit by Chris Neil and loses puck.
5:27 of 2nd period - Shot by Ales Hemsky.
5:27 of 2nd period - Stopped by Cam Ward without a rebound.
5:28 of 2nd period - Samuel Pahlsson wins face-off versus Paul Stastny in Bruins zone.
5:42 of 2nd period - Zdeno Chara is hit by Samuel Pahlsson and loses puck.
6:10 of 2nd period - Minor Penalty to Milan Lucic for Roughing.
6:11 of 2nd period - Paul Stastny wins face-off versus Samuel Pahlsson in Bruins zone.
6:33 of 2nd period - Shot by Adam Foote.
6:33 of 2nd period - Stopped by Cam Ward with a rebound.
6:35 of 2nd period - Shot by Samuel Pahlsson.
6:35 of 2nd period - Stopped by Cam Ward without a rebound.
6:36 of 2nd period - David Krejci wins face-off versus Wayne Primeau in Bruins zone.
8:04 of 2nd period - Cory Stillman is hit by James Vandermeer and loses puck.
8:33 of 2nd period - Ales Hemsky is hit by Zdeno Chara and loses puck.
9:16 of 2nd period - Icing by Gregory Campbell.
9:17 of 2nd period - Artem Anisimov wins face-off versus Martin Hanzal in Bruins zone.
9:53 of 2nd period - Icing by James Vandermeer.
9:54 of 2nd period - Martin Hanzal wins face-off versus Samuel Pahlsson in Bruins zone.
9:54 of 2nd period - Dennis Seidenberg is hit by Samuel Pahlsson and loses puck.
10:19 of 2nd period - Icing by James Vandermeer.
10:20 of 2nd period - Martin Hanzal wins face-off versus Wayne Primeau in Bruins zone.
10:40 of 2nd period - Minor Penalty to Mathieu Darche for Tripping.
10:41 of 2nd period - David Krejci wins face-off versus Ales Hemsky in BlackHawks zone.
10:45 of 2nd period - David Krejci beats up Cory Stillman.
10:45 of 2nd period - Penalty to David Krejci for Fighting.
10:45 of 2nd period - Penalty to Cory Stillman for Fighting.
10:45 of 2nd period - Penalty to David Krejci for instigated a fight.
10:45 of 2nd period - David Krejci is ejected from game.
10:46 of 2nd period - Patrice Bergeron wins face-off versus Ales Hemsky in BlackHawks zone.
10:53 of 2nd period - Shot by Nathan Horton.
10:53 of 2nd period - Stopped by Cristobal Huet without a rebound.
10:54 of 2nd period - Patrice Bergeron wins face-off versus Paul Kariya in BlackHawks zone.
11:25 of 2nd period - Shot by Nathan Horton.
11:25 of 2nd period - Stopped by Cristobal Huet without a rebound.
11:26 of 2nd period - Ales Hemsky wins face-off versus Dustin Brown in BlackHawks zone.
12:43 of 2nd period - Shot by David Booth.
12:43 of 2nd period - Shot Blocked by Zdeno Chara.
13:27 of 2nd period - Shot by Patrik Berglund.
13:27 of 2nd period - Stopped by Cam Ward without a rebound.
13:28 of 2nd period - Samuel Pahlsson wins face-off versus Martin Hanzal in Bruins zone.
13:31 of 2nd period - Shot by Paul Kariya.
13:31 of 2nd period - Stopped by Cam Ward without a rebound.
13:32 of 2nd period - Patrik Berglund wins face-off versus Brad Marchand in Bruins zone.
13:33 of 2nd period - Shot by Ales Hemsky.
13:33 of 2nd period - Goal by Ales Hemsky - BlackHawks : 3 - Bruins : 0.
13:34 of 2nd period - Brad Marchand wins face-off versus Patrik Berglund in neutral zone.
14:02 of 2nd period - Icing by Adam Foote.
14:03 of 2nd period - Henrik Zetterberg wins face-off versus Patrik Berglund in BlackHawks zone.
14:10 of 2nd period - Shot by Dustin Brown.
14:10 of 2nd period - Stopped by Cristobal Huet without a rebound.
14:11 of 2nd period - Artem Anisimov wins face-off versus Henrik Zetterberg in BlackHawks zone.
14:17 of 2nd period - David Booth is hit by Barret Jackman and loses puck.
14:31 of 2nd period - Icing by Niklas Kronwall.
14:32 of 2nd period - Samuel Pahlsson wins face-off versus Henrik Zetterberg in Bruins zone.
15:51 of 2nd period - Minor Penalty to James Vandermeer for High sticking.
15:52 of 2nd period - Paul Stastny wins face-off versus Samuel Pahlsson in Bruins zone.
16:14 of 2nd period - Shot by Mattias Ohlund.
16:14 of 2nd period - Stopped by Cam Ward with a rebound.
16:44 of 2nd period - Shot by Paul Kariya.
16:44 of 2nd period - Shot Misses the Net.
17:22 of 2nd period - Shot by Ales Hemsky.
17:22 of 2nd period - Shot Blocked by Niklas Kronwall.
17:24 of 2nd period - Shot by Mattias Ohlund.
17:24 of 2nd period - Goal by Mattias Ohlund - BlackHawks : 4 - Bruins : 0.
17:24 of 2nd period - Tuukka Rask enters game.
17:25 of 2nd period - Martin Hanzal wins face-off versus Samuel Pahlsson in neutral zone.
17:46 of 2nd period - Shot by Martin Hanzal.
17:46 of 2nd period - Stopped by Cristobal Huet without a rebound.
17:47 of 2nd period - Patrice Bergeron wins face-off versus Artem Anisimov in BlackHawks zone.
17:47 of 2nd period - Mark Recchi is hit by Hal Gill and loses puck.
18:27 of 2nd period - Minor Penalty to Hal Gill for Hooking.
18:28 of 2nd period - Paul Stastny wins face-off versus Ales Hemsky in BlackHawks zone.
18:39 of 2nd period - Shot by Paul Stastny.
18:39 of 2nd period - Shot Blocked by Mattias Ohlund.
18:41 of 2nd period - Shot by Dennis Seidenberg.
18:41 of 2nd period - Stopped by Cristobal Huet without a rebound.
18:42 of 2nd period - Ales Hemsky wins face-off versus Paul Stastny in BlackHawks zone.
19:03 of 2nd period - Shot by Henrik Zetterberg.
19:03 of 2nd period - Stopped by Cristobal Huet without a rebound.
19:04 of 2nd period - Paul Kariya wins face-off versus Paul Stastny in BlackHawks zone.
19:04 of 2nd period - Paul Kariya is hit by Dustin Brown.
19:39 of 2nd period - Off-side.
19:40 of 2nd period - Cory Stillman wins face-off versus Patrice Bergeron in neutral zone.

Period #3

0:01 of 3rd period - Ales Hemsky wins face-off versus Dustin Brown in neutral zone.
0:33 of 3rd period - Icing by Ron Hainsey.
0:34 of 3rd period - Artem Anisimov wins face-off versus Martin Hanzal in BlackHawks zone.
0:52 of 3rd period - Icing by James Vandermeer.
0:53 of 3rd period - Martin Hanzal wins face-off versus Samuel Pahlsson in Bruins zone.
1:03 of 3rd period - Icing by Tobias Enstrom.
1:04 of 3rd period - Samuel Pahlsson wins face-off versus Henrik Zetterberg in BlackHawks zone.
1:04 of 3rd period - Samuel Pahlsson is hit by Dustin Brown.
1:14 of 3rd period - Minor Penalty to Tyler Kennedy for Holding.
1:15 of 3rd period - Dustin Brown wins face-off versus Ales Hemsky in BlackHawks zone.
2:22 of 3rd period - Rich Peverley is hit by Hal Gill and loses puck.
2:35 of 3rd period - Cory Stillman is hit by Gregory Campbell and loses puck.
2:40 of 3rd period - Shot by Dennis Seidenberg.
2:40 of 3rd period - Shot Blocked by Ales Hemsky.
2:42 of 3rd period - Shot by Dennis Seidenberg.
2:42 of 3rd period - Deflect By Paul Stastny.
2:42 of 3rd period - Shot Blocked by Adam Foote.
2:44 of 3rd period - Shot by Dennis Seidenberg.
2:44 of 3rd period - Shot Blocked by Adam Foote.
2:58 of 3rd period - Shot by Ales Hemsky.
2:58 of 3rd period - Stopped by Tuukka Rask without a rebound.
2:59 of 3rd period - Paul Kariya wins face-off versus Nathan Horton in Bruins zone.
3:16 of 3rd period - Shot by Henrik Zetterberg.
3:16 of 3rd period - Deflect By Martin Hanzal.
3:16 of 3rd period - Shot Misses the Net.
4:12 of 3rd period - Shot by Paul Stastny.
4:12 of 3rd period - Shot Misses the Net.
4:32 of 3rd period - Shot by Josh Bailey.
4:32 of 3rd period - Shot Misses the Net.
4:36 of 3rd period - Shot by Mathieu Darche.
4:36 of 3rd period - Stopped by Tuukka Rask with a rebound.
4:47 of 3rd period - Minor Penalty to Mathieu Darche for High sticking.
4:48 of 3rd period - Patrice Bergeron wins face-off versus Ales Hemsky in BlackHawks zone.
5:40 of 3rd period - Icing by Dennis Seidenberg.
5:41 of 3rd period - Martin Hanzal wins face-off versus Paul Kariya in Bruins zone.
5:57 of 3rd period - Shot by Martin Hanzal.
5:57 of 3rd period - Stopped by Cristobal Huet without a rebound.
5:58 of 3rd period - Paul Stastny wins face-off versus Paul Kariya in BlackHawks zone.
6:03 of 3rd period - Shot by Nathan Horton.
6:03 of 3rd period - Deflect By Paul Stastny.
6:03 of 3rd period - Shot Misses the Net.
6:05 of 3rd period - Shot by Paul Stastny.
6:05 of 3rd period - Stopped by Cristobal Huet with a rebound.
6:23 of 3rd period - Shot by Henrik Zetterberg.
6:23 of 3rd period - Stopped by Cristobal Huet without a rebound.
6:24 of 3rd period - Patrice Bergeron wins face-off versus Paul Kariya in BlackHawks zone.
7:20 of 3rd period - Minor Penalty to Martin Hanzal for Hooking.
7:21 of 3rd period - Wayne Primeau wins face-off versus Nathan Horton in Bruins zone.
7:22 of 3rd period - Shot by Cory Stillman.
7:22 of 3rd period - Stopped by Tuukka Rask with a rebound.
7:24 of 3rd period - Shot by Adam Foote.
7:24 of 3rd period - Stopped by Tuukka Rask with a rebound.
8:46 of 3rd period - Shot by Henrik Zetterberg.
8:46 of 3rd period - Stopped by Cristobal Huet with a rebound.
9:10 of 3rd period - Icing by Samuel Pahlsson.
9:11 of 3rd period - Nathan Horton wins face-off versus Samuel Pahlsson in BlackHawks zone.
9:34 of 3rd period - Shot by Mark Recchi.
9:34 of 3rd period - Shot Misses the Net.
9:44 of 3rd period - Shot by Mark Recchi.
9:44 of 3rd period - Shot Misses the Net.
9:46 of 3rd period - Shot by Jordan Leopold.
9:46 of 3rd period - Stopped by Cristobal Huet without a rebound.
9:47 of 3rd period - Martin Hanzal wins face-off versus Wayne Primeau in BlackHawks zone.
10:32 of 3rd period - Henrik Zetterberg is hit by Paul Kariya and loses puck.
10:33 of 3rd period - Minor Penalty to Adam Foote for Slashing.
10:34 of 3rd period - Artem Anisimov wins face-off versus Dustin Brown in BlackHawks zone.
11:39 of 3rd period - Shot by Milan Lucic.
11:39 of 3rd period - Stopped by Cristobal Huet without a rebound.
11:40 of 3rd period - Paul Kariya wins face-off versus Nathan Horton in BlackHawks zone.
11:51 of 3rd period - Shot by Nathan Horton.
11:51 of 3rd period - Shot Misses the Net.
12:06 of 3rd period - Icing by Zdeno Chara.
12:07 of 3rd period - Ales Hemsky wins face-off versus Paul Stastny in Bruins zone.
12:42 of 3rd period - Shot by Wayne Primeau.
12:42 of 3rd period - Stopped by Tuukka Rask without a rebound.
12:43 of 3rd period - Henrik Zetterberg wins face-off versus Artem Anisimov in Bruins zone.
13:00 of 3rd period - Shot by Rich Peverley.
13:00 of 3rd period - Shot Blocked by Artem Anisimov.
13:12 of 3rd period - Off-side.
13:13 of 3rd period - Samuel Pahlsson wins face-off versus Patrice Bergeron in neutral zone.
13:16 of 3rd period - Patrice Bergeron is hit by Samuel Pahlsson and loses puck.
13:28 of 3rd period - Major / Game Misconduct Penalty to Milan Lucic for Unsportsmanlike conduct.
13:28 of 3rd period - Milan Lucic is ejected from game.
13:29 of 3rd period - Paul Stastny wins face-off versus Paul Kariya in Bruins zone.
14:57 of 3rd period - Icing by Samuel Pahlsson.
14:58 of 3rd period - Nathan Horton wins face-off versus Samuel Pahlsson in BlackHawks zone.
14:59 of 3rd period - Shot by Henrik Zetterberg.
14:59 of 3rd period - Stopped by Cristobal Huet without a rebound.
15:00 of 3rd period - Paul Stastny wins face-off versus Wayne Primeau in BlackHawks zone.
15:15 of 3rd period - Shot by Paul Kariya.
15:15 of 3rd period - Shot Blocked by Barret Jackman.
15:17 of 3rd period - Shot by Ron Hainsey.
15:17 of 3rd period - Shot Blocked by Barret Jackman.
15:21 of 3rd period - Shot by Paul Kariya.
15:21 of 3rd period - Stopped by Tuukka Rask without a rebound.
15:22 of 3rd period - Samuel Pahlsson wins face-off versus Dustin Brown in Bruins zone.
15:37 of 3rd period - Zdeno Chara is hit by Cory Stillman and loses puck.
16:17 of 3rd period - Icing by Cory Stillman.
16:18 of 3rd period - Samuel Pahlsson wins face-off versus Paul Stastny in BlackHawks zone.
17:01 of 3rd period - Shot by Ron Hainsey.
17:01 of 3rd period - Stopped by Tuukka Rask without a rebound.
17:02 of 3rd period - Wayne Primeau wins face-off versus Dustin Brown in Bruins zone.
17:03 of 3rd period - Shot by Ron Hainsey.
17:03 of 3rd period - Stopped by Tuukka Rask with a rebound.
17:21 of 3rd period - Icing by Wayne Primeau.
17:22 of 3rd period - Wayne Primeau wins face-off versus Nathan Horton in BlackHawks zone.
17:30 of 3rd period - Shot by Paul Kariya.
17:30 of 3rd period - Shot Misses the Net.
17:42 of 3rd period - Icing by Tobias Enstrom.
17:43 of 3rd period - Paul Stastny wins face-off versus David Booth in BlackHawks zone.
18:14 of 3rd period - Shot by Tobias Enstrom.
18:14 of 3rd period - Shot Misses the Net.
18:16 of 3rd period - Shot by David Booth.
18:16 of 3rd period - Shot Misses the Net.
18:18 of 3rd period - Shot by Tobias Enstrom.
18:18 of 3rd period - Shot Blocked by Zdeno Chara.
19:05 of 3rd period - Icing by Nathan Horton.
19:06 of 3rd period - Artem Anisimov wins face-off versus Patrice Bergeron in Bruins zone.
19:13 of 3rd period - Shot by Chris Neil.
19:13 of 3rd period - Shot Blocked by Niklas Kronwall.
19:17 of 3rd period - Shot by Ron Hainsey.
19:17 of 3rd period - Stopped by Tuukka Rask without a rebound.
19:18 of 3rd period - Brad Marchand wins face-off versus Cory Stillman in Bruins zone.
19:37 of 3rd period - Icing by James Vandermeer.
19:38 of 3rd period - Artem Anisimov wins face-off versus Martin Hanzal in Bruins zone.
19:54 of 3rd period - Shot by Dennis Seidenberg.
19:54 of 3rd period - Stopped by Cristobal Huet without a rebound.
19:55 of 3rd period - Wayne Primeau wins face-off versus Dustin Brown in BlackHawks zone.
19:59 of 3rd period - Off-side.


Output by the SimonT Hockey Simulator (STHS) for Stephane Roy -- Original Page W3C XHTML 1.0 Valid